 Dungeon Crawl Stone Soup version 0.29.1-15-g9cfb28693d (webtiles) character file.

Game seed: 6336439569839252744

55 zeram the Covered (level 3, -10/33 HPs)
             Began as a Minotaur Fighter on Apr 8, 2023.
             Mangled by dudediamond6's ghost (12 damage)
             ... on level 3 of the Dungeon.
             The game lasted 00:01:41 (1995 turns).

zeram the Covered (Minotaur Fighter)                Turns: 1995, Time: 00:01:41

Health: -10/33     AC:  7    Str: 22    XL:     3   Next: 67%
Magic:  2/2        EV:  6    Int:  5    God:
Gold:   98         SH: 11    Dex:  9    Spells: 2/2 levels left

rFire   . . .      SeeInvis .   a - +0 war axe
rCold   . . .      Faith    .   i - +0 tower shield
rNeg    . . .      Spirit   .   b - +0 scale mail
rPois   .          Reflect  .   (helmet restricted)
rElec   .          Harm     .   (no cloak)
rCorr   .          Rampage  .   (no gloves)
Will    .....                   (no boots)
Stlth   ..........              (no amulet)
HPRegen 0.11/turn               (no ring)
MPRegen 0.08/turn               (no ring)

@: mighty
A: horns 2, retaliatory headbutt
a: no special abilities


You were on level 3 of the Dungeon.
You visited 1 branch of the dungeon, and saw 3 of its levels.

You collected 98 gold pieces.

Inventory:

Hand Weapons
 a - a +0 war axe (weapon)
Armour
 b - a +0 scale mail (worn)
 c - a +0 buckler
 i - a +0 tower shield (worn)
Jewellery
 e - a ring of ice
Scrolls
 f - 2 scrolls of identify {unknown}
 g - a scroll of brand weapon {unknown}
 m - a scroll of poison {unknown}
Potions
 h - a potion of berserk rage {unknown}
 j - 2 potions of curing {unknown}
 k - 3 potions of degeneration {unknown}
 l - a potion of heal wounds {unknown}
 n - a potion of brilliance {unknown}


   Skills:
 + Level 4.0 Fighting
 + Level 3.3 Axes
 + Level 4.3 Armour
 + Level 0.6 Dodging
 + Level 4.1 Shields


You had 2 spell levels left.
You didn't know any spells.
Your spell library was empty.

Dungeon Overview and Level Annotations

Branches:
Dungeon (3/15)

Altars:

Annotations:
D:3 dudediamond6's ghost, novice HOFi


Innate Abilities, Weirdness & Mutations

You have a pair of horns on your head.
You reflexively headbutt those who attack you in melee.


Message History

Found a scroll of immolation.
Dudediamond6's ghost stares at you.
m - a scroll labelled YROAPT OSIXOS No reachable target in view!
No reachable target in view!
No reachable target in view!
No reachable target in view!
No reachable target in view!
n - a bubbling clear potion You open the door.
You feel very mighty all of a sudden. Dudediamond6's ghost hits you!
You barely miss dudediamond6's ghost.
You block dudediamond6's ghost's attack.
Dudediamond6's ghost hits you but does no damage.
You hit dudediamond6's ghost but do no damage.
Dudediamond6's ghost hits you but does no damage.
You block dudediamond6's ghost's attack.
You slash dudediamond6's ghost!
Your headbutt misses dudediamond6's ghost.
Dudediamond6's ghost is lightly damaged.
You block dudediamond6's ghost's attack.
You hit dudediamond6's ghost.
Dudediamond6's ghost is moderately damaged.
You block dudediamond6's ghost's attack.
Dudediamond6's ghost hits you!
You hit dudediamond6's ghost but do no damage.
Dudediamond6's ghost is moderately damaged.
Dudediamond6's ghost hits you but does no damage.
Dudediamond6's ghost barely misses you.
You hit dudediamond6's ghost but do no damage.
Dudediamond6's ghost is lightly damaged.
Dudediamond6's ghost hits you!
* * * LOW HITPOINT WARNING * * *
You block dudediamond6's ghost's attack.
You barely miss dudediamond6's ghost.
You headbutt dudediamond6's ghost, but do no damage.
Dudediamond6's ghost is lightly damaged.
Dudediamond6's ghost hits you!
You die...

#.# #......##
.# #......#
#......#
#......########
#.............#
#.............#
#...^.........#
##+#######....#
§l#@...#
§§W....#
§§#..### ######


You could see an iguana and dudediamond6's ghost.

Vanquished Creatures
  An adder (D:2)
  A worm (D:2)
  A dart slug (D:2)
  A bat (D:2)
  5 endoplasms
  A giant cockroach (D:1)
  5 goblins
  A hobgoblin (D:2)
  5 jackals
  2 quokkas
  5 ball pythons
  6 kobolds
  4 rats
38 creatures vanquished.

Vanquished Creatures (others)
  A plant (D:1)
1 creature vanquished.

Grand Total: 39 creatures vanquished

Notes
Turn   | Place    | Note
-------+----------+-------------------------------------------
     0 | D:1      | zeram the Minotaur Fighter began the quest for the Orb.
     0 | D:1      | Reached XP level 1. HP: 19/19 MP: 0/0
    63 | D:1      | Reached XP level 2. HP: 8/27 MP: 1/1
   326 | D:1      | You fall into a shaft and drop 1 floor!
   625 | D:2      | Found a faded altar of an unknown god.
   660 | D:2      | Reached XP level 3. HP: 18/33 MP: 2/2
  1976 | D:3      | Found a runed translucent door.
  1976 | D:3      | Noticed dudediamond6's ghost (novice HOFi)
  1995 | D:3      | Mangled by dudediamond6's ghost

Illustrated notes

Levels and vault maps discovered:
D:1:      wander_arrival_fairy_ring, layout_rooms, serial_shops,
          nicolae_diamond_shop
D:2:      layout_basic, hellmonk_ecumenical_altar_blasted
D:3:      layout_basic, ebering_ghost_inner_flame, guppyfry_early_lair_pool

Skill      XL: |  1  2 |
---------------+-------+-----
Fighting       | 4 |  4.0
Armour         | 4 |  4.3
Shields        | 4 |  4.1
Axes           | 3 |  3.3
Dodging        | |  0.6

Action                   || total
-------------------------++-------
Melee: War axe           ||    84
       Headbutt          ||    12
  Use: Potion            ||     1
Armor: Scale mail        ||    38
Dodge: Dodged            ||    33
Block: Buckler           ||    22
       Tower shield      ||    14
